3R
ATHLETIC CLUB KC U-21 @ BALLARD BEAVERS
07/10/2042
 
TOP OF THE 1ST
Athletic Club KC U-21 batting - Pitching for Ballard Beavers : LHP Sun-dong Ch'oe
Pitching: LHP Sun-dong Ch'oe
Batting: RHB Maxime Anderson 0-0: Ball
1-0: Foul Ball, location: 2F
1-1: Ball
2-1: Fly out, F4 (Popup, 34, EV 62.5 MPH)
Batting: RHB Moises Fernán 0-0: Ball
1-0: Called Strike
1-1: Ball
2-1: Ball
3-1: Swinging Strike
3-2: Strikes out swinging
Batting: RHB Jurrie Nuijs 0-0: Called Strike
0-1: Fly out, F8 (Flyball, 8LM, EV 90.0 MPH)
Top of the 1st over - 0 runs, 0 hits, 0 errors, 0 left on base; Athletic Club KC 0 - Ballard 0
BOTTOM OF THE 1ST
Ballard Beavers batting - Pitching for Athletic Club KC U-21 : LHP Jorge Rodríguez
Pitching: LHP Jorge Rodríguez
Batting: LHB Tonito Gomez 0-0: Ball
1-0: Ball
2-0: Foul Ball, location: 2F
2-1: Swinging Strike
2-2: Ball
3-2: Foul Ball, location: 2F
3-2: Foul Ball, location: 2F
3-2: Strikes out swinging
Batting: RHB Kevin Neal 0-0: Ball
1-0: Ball
2-0: Foul Ball, location: 2F
2-1: Swinging Strike
2-2: Ball
3-2: Fly out, F7 (Flyball, 78S, EV 86.2 MPH)
Batting: RHB José López 0-0: Ball
1-0: Called Strike
1-1: Called Strike
1-2: Strikes out swinging
Bottom of the 1st over - 0 runs, 0 hits, 0 errors, 0 left on base; Athletic Club KC 0 - Ballard 0
TOP OF THE 2ND
Athletic Club KC U-21 batting - Pitching for Ballard Beavers : LHP Sun-dong Ch'oe
Batting: LHB Justin Cooper 0-0: Called Strike
0-1: Ball
1-1: Ball
2-1: Ball
3-1: Foul Ball, location: 2F
3-2: Foul Ball, location: 2F
3-2: Foul Ball, location: 2F
3-2: Foul Ball, location: 2F
3-2: Base on Balls
Batting: LHB Bart Edwards 0-0: Ball
1-0: Called Strike
1-1: Swinging Strike
1-2: DOUBLE (Line Drive, 9LM, EV 105.6 MPH)
Justin Cooper to third
Batting: LHB Brian Keys 0-0: SINGLE (Groundball, 56D, EV 96.2 MPH)
Justin Cooper scores
Bart Edwards to third
Batting: RHB Yun-qi Zhào 0-0: Swinging Strike
0-1: Fly out, F7 (Flyball, 78M, EV 86.9 MPH)
Runner from 3rd tags up, SCORES, throw by LF
Batting: RHB Jake Young 0-0: Swinging Strike
0-1: Foul Ball, location: 2F
0-2: Ball
1-2: Strikes out looking
Batting: LHB Andrés Moreno 0-0: Called Strike
0-1: Fly out, F9 (Flyball, 89S, EV 95.0 MPH)
Top of the 2nd over - 2 runs, 2 hits, 0 errors, 1 left on base; Athletic Club KC 2 - Ballard 0
BOTTOM OF THE 2ND
Ballard Beavers batting - Pitching for Athletic Club KC U-21 : LHP Jorge Rodríguez
Batting: RHB John Johnson 0-0: Ball
1-0: Called Strike
1-1: Ball
2-1: Foul Ball, location: 2F
2-2: Ball
3-2: Foul Ball, location: 2F
3-2: Foul Ball, location: 2F
3-2: Base on Balls
Batting: RHB José Romero 0-0: Called Strike
0-1: Foul Ball, location: 2F
0-2: Ball
1-2: Foul Ball, location: 2F
1-2: Foul Ball, location: 2F
1-2: Ground out 5-3 (Groundball, 56, EV 90.0 MPH)
John Johnson to second
Batting: LHB Bill Bass 0-0: Ball
1-0: DOUBLE (Flyball, 78D, EV 88.8 MPH)
John Johnson scores
Batting: LHB Shane Holman 0-0: Hit by Pitch
Batting: RHB Barry Miller 0-0: Ball
1-0: Ball
2-0: Foul Ball, location: 2F
2-1: Ball
3-1: Foul Ball, location: 2F
3-2: Foul Ball, location: 2F
3-2: Foul Ball, location: 2F
3-2: Base on Balls
Bill Bass to third
Shane Holman to second
Batting: RHB Jim McDermott 0-0: Ball
1-0: Ball
2-0: Ball
3-0: Foul Ball, location: 2F
3-1: Single, Error in OF, E7, batter to second base (Line Drive, 7LS, EV 107.5 MPH)
Bill Bass scores
Shane Holman scores
Barry Miller to third
Batting: LHB Tonito Gomez 0-0: Called Strike
0-1: Foul Ball, location: 2F
0-2: Strikes out swinging
Batting: RHB Kevin Neal 0-0: Swinging Strike
0-1: Ball
1-1: Foul Ball, location: 2F
1-2: Ball
2-2: Fly out, F3 (Popup, 3SF, EV 63.8 MPH)
Bottom of the 2nd over - 3 runs, 2 hits, 1 error, 2 left on base; Athletic Club KC 2 - Ballard 3
TOP OF THE 3RD
Athletic Club KC U-21 batting - Pitching for Ballard Beavers : LHP Sun-dong Ch'oe
Batting: RHB Maxime Anderson 0-0: Called Strike
0-1: Swinging Strike
0-2: SINGLE (Line Drive, 6MD, EV 103.1 MPH)
Batting: RHB Moises Fernán 0-0: Foul Ball, location: 2F
0-1: SINGLE (Line Drive, 3D, EV 107.5 MPH)
Maxime Anderson to second
Batting: RHB Jurrie Nuijs 0-0: Ball
1-0: Foul Ball, location: 2F
1-1: Ball
2-1: Foul Ball, location: 2F
2-2: Foul Ball, location: 2F
2-2: Ball
3-2: Foul Ball, location: 2F
3-2: Foul Ball, location: 2F
3-2: Base on Balls
Maxime Anderson to third
Moises Fernán to second
Batting: LHB Justin Cooper 0-0: Called Strike
0-1: Ball
1-1: Foul Ball, location: 2F
1-2: Foul Ball, location: 2F
1-2: Strikes out swinging
Batting: LHB Bart Edwards 0-0: Foul Ball, location: 2F
0-1: DOUBLE (Groundball, 5L, EV 98.1 MPH)
Maxime Anderson scores
Moises Fernán scores
Jurrie Nuijs to third
Runner from 3rd tries for Home, SAFE, throw by LF to home
Batting: LHB Brian Keys 0-0: Ball
1-0: Ball
2-0: Ball
3-0: Called Strike
3-1: Called Strike
3-2: Foul Ball, location: 2F
3-2: SINGLE (Line Drive, 8LS, EV 94.4 MPH)
Bart Edwards to third
Runner from 3rd tries for Home, SAFE, throw by CF to home
Pitching: LHP Gastão Fontana
Now in CF: Eli Johnson
Batting: RHB Yun-qi Zhào 0-0: 2-RUN HOME RUN (Flyball, 7D, EV 108.1 MPH), Distance : 403 ft
Batting: RHB Jake Young 0-0: Called Strike
0-1: Ball
1-1: Ball
2-1: Foul Ball, location: 2F
2-2: Strikes out swinging
Batting: LHB Andrés Moreno 0-0: Called Strike
0-1: Swinging Strike
0-2: Ball
1-2: Ball
2-2: Strikes out swinging
Top of the 3rd over - 6 runs, 5 hits, 0 errors, 0 left on base; Athletic Club KC 8 - Ballard 3
BOTTOM OF THE 3RD
Ballard Beavers batting - Pitching for Athletic Club KC U-21 : LHP Jorge Rodríguez
Batting: RHB José López 0-0: Ball
1-0: Ball
2-0: Ball
3-0: Swinging Strike
3-1: Swinging Strike
3-2: Foul Ball, location: 2F
3-2: Base on Balls
Batting: RHB Eli Johnson 0-0: Ball
1-0: Ball
2-0: Foul Ball, location: 2F
2-1: Foul Ball, location: 2F
2-2: Fly out, F9 (Line Drive, 9, EV 98.1 MPH)
Batting: RHB José Romero 0-0: Foul Ball, location: 2F
0-1: Swinging Strike
0-2: Ball
1-2: Ball
2-2: Grounds into double play, 5-4-3 (Groundball, 56, EV 87.5 MPH)
Bottom of the 3rd over - 0 runs, 0 hits, 0 errors, 0 left on base; Athletic Club KC 8 - Ballard 3
TOP OF THE 4TH
Athletic Club KC U-21 batting - Pitching for Ballard Beavers : LHP Gastão Fontana
Batting: RHB Maxime Anderson 0-0: Fly out, F9 (Flyball, 9LS, EV 93.8 MPH)
Batting: RHB Moises Fernán 0-0: Ground out 6-3 (Groundball, 6S, EV 86.2 MPH)
Batting: RHB Jurrie Nuijs 0-0: Ball
1-0: Foul Ball, location: 2F
1-1: Ground out 5-3 (Groundball, 56, EV 103.8 MPH)
Top of the 4th over - 0 runs, 0 hits, 0 errors, 0 left on base; Athletic Club KC 8 - Ballard 3
BOTTOM OF THE 4TH
Ballard Beavers batting - Pitching for Athletic Club KC U-21 : LHP Jorge Rodríguez
Batting: LHB Bill Bass 0-0: Foul Ball, location: 2F
0-1: Foul Ball, location: 2F
0-2: Fly out, F7 (Flyball, 78S, EV 89.4 MPH)
Batting: LHB Shane Holman 0-0: Called Strike
0-1: Called Strike
0-2: Ball
1-2: Ball
2-2: Ground out U3 (Groundball, 3, EV 94.4 MPH)
Batting: RHB Barry Miller 0-0: Ball
1-0: SINGLE (Line Drive, 7LS, EV 90.0 MPH)
Batting: RHB Jim McDermott 0-0: Ball
1-0: Called Strike
1-1: Ball
2-1: 2-RUN HOME RUN (Flyball, 7D, EV 113.1 MPH), Distance : 402 ft
Pitching: RHP Yun-ho Kogai
Batting: LHB Tonito Gomez 0-0: Ball
1-0: Called Strike
1-1: Fly out, F9 (Flyball, 9LM, EV 90.0 MPH)
Bottom of the 4th over - 2 runs, 2 hits, 0 errors, 0 left on base; Athletic Club KC 8 - Ballard 5
TOP OF THE 5TH
Athletic Club KC U-21 batting - Pitching for Ballard Beavers : LHP Gastão Fontana
Batting: LHB Justin Cooper 0-0: Called Strike
0-1: Swinging Strike
0-2: Ball
1-2: Ball
2-2: Ball
3-2: Ground out 6-3 (Groundball, 6, EV 81.9 MPH)
Batting: LHB Bart Edwards 0-0: Swinging Strike
0-1: Swinging Strike
0-2: Strikes out swinging
Batting: LHB Brian Keys 0-0: Called Strike
0-1: Ball
1-1: Ball
2-1: Ball
3-1: DOUBLE (Groundball, 3L, EV 101.9 MPH)
Batting: RHB Yun-qi Zhào 0-0: Fly out, F8 (Flyball, 8RD, EV 93.8 MPH)
Top of the 5th over - 0 runs, 1 hit, 0 errors, 1 left on base; Athletic Club KC 8 - Ballard 5
BOTTOM OF THE 5TH
Ballard Beavers batting - Pitching for Athletic Club KC U-21 : RHP Yun-ho Kogai
Batting: RHB Kevin Neal 0-0: Ball
1-0: Called Strike
1-1: Swinging Strike
1-2: Ball
2-2: Foul Ball, location: 2F
2-2: DOUBLE (Groundball, 5L, EV 106.2 MPH)
Batting: RHB José López 0-0: Hit by Pitch
Batting: RHB Eli Johnson 0-0: Swinging Strike
0-1: Fly out, F9 (Flyball, 9LS, EV 83.1 MPH)
Batting: RHB José Romero 0-0: Ball
1-0: Foul Ball, location: 2F
1-1: Foul Ball, location: 2F
1-2: Fielders Choice at 2nd, 6-4 (Groundball, 6, EV 107.5 MPH)
Kevin Neal to third
Batting: LHB Bill Bass 0-0: Ball
1-0: Swinging Strike
1-1: Foul Ball, location: 2F
1-2: Strikes out swinging
Bottom of the 5th over - 0 runs, 1 hit, 0 errors, 2 left on base; Athletic Club KC 8 - Ballard 5
TOP OF THE 6TH
Athletic Club KC U-21 batting - Pitching for Ballard Beavers : LHP Gastão Fontana
Batting: RHB Jake Young 0-0: Swinging Strike
0-1: Swinging Strike
0-2: Ball
1-2: Fly out, F9 (Flyball, 9S, EV 82.5 MPH)
Batting: LHB Andrés Moreno 0-0: Foul Ball, location: 2F
0-1: SOLO HOME RUN (Flyball, 9D, EV 102.5 MPH), Distance : 423 ft
Batting: RHB Maxime Anderson 0-0: Called Strike
0-1: Ground out 6-3 (Groundball, 6, EV 90.0 MPH)
Pitching: LHP Norberto Cabrera
Batting: RHB Moises Fernán 0-0: Foul Ball, location: 2F
0-1: Swinging Strike
0-2: Foul Ball, location: 2F
0-2: Foul Ball, location: 2F
0-2: Strikes out swinging
Top of the 6th over - 1 run, 1 hit, 0 errors, 0 left on base; Athletic Club KC 9 - Ballard 5
BOTTOM OF THE 6TH
Ballard Beavers batting - Pitching for Athletic Club KC U-21 : RHP Yun-ho Kogai
Batting: LHB Shane Holman 0-0: Swinging Strike
0-1: Foul Ball, location: 2F
0-2: Ball
1-2: Strikes out looking
Batting: RHB Barry Miller 0-0: Ground out 6-3 (Groundball, 6, EV 80.0 MPH)
Batting: RHB Jim McDermott 0-0: Called Strike
0-1: SINGLE (Line Drive, 8LM, EV 96.9 MPH)
Batting: LHB Tonito Gomez 0-0: Ball
1-0: Foul Ball, location: 2F
1-1: Foul Ball, location: 2F
1-2: Foul Ball, location: 2F
1-2: Foul Ball, location: 2F
1-2: Foul Ball, location: 2F
1-2: Ball
2-2: SINGLE (Groundball, 3D, EV 95.6 MPH)
Jim McDermott to second
Runner from 2nd tries for 3rd, SAFE, throw by RF made to third
Batting: RHB Kevin Neal 0-0: Ball
1-0: Ball
2-0: Called Strike
2-1: Called Strike
2-2: Foul Ball, location: 2F
2-2: Strikes out swinging
Bottom of the 6th over - 0 runs, 2 hits, 0 errors, 2 left on base; Athletic Club KC 9 - Ballard 5
TOP OF THE 7TH
Athletic Club KC U-21 batting - Pitching for Ballard Beavers : LHP Norberto Cabrera
Batting: RHB Jurrie Nuijs 0-0: Ball
1-0: Foul Ball, location: 2F
1-1: Foul Ball, location: 2F
1-2: Foul Ball, location: 2F
1-2: Ball
2-2: Foul Ball, location: 2F
2-2: Strikes out looking
Batting: LHB Justin Cooper 0-0: Foul Ball, location: 2F
0-1: Ball
1-1: Foul Ball, location: 2F
1-2: Foul Ball, location: 2F
1-2: Ball
2-2: Foul Ball, location: 2F
2-2: Ground out 1-3 (Groundball, 34S, EV 71.9 MPH)
Batting: LHB Bart Edwards 0-0: Ball
1-0: Called Strike
1-1: Called Strike
1-2: Ground out 4-3 (Groundball, 4, EV 102.5 MPH)
Top of the 7th over - 0 runs, 0 hits, 0 errors, 0 left on base; Athletic Club KC 9 - Ballard 5
BOTTOM OF THE 7TH
Ballard Beavers batting - Pitching for Athletic Club KC U-21 : RHP Yun-ho Kogai
Batting: RHB José López 0-0: Called Strike
0-1: Swinging Strike
0-2: Strikes out looking
Batting: RHB Eli Johnson 0-0: Foul Ball, location: 2F
0-1: Ball
1-1: Foul Ball, location: 2F
1-2: Fly out, F8 (Flyball, 8LM, EV 91.9 MPH)
Batting: RHB José Romero 0-0: Called Strike
0-1: Swinging Strike
0-2: Strikes out looking
Bottom of the 7th over - 0 runs, 0 hits, 0 errors, 0 left on base; Athletic Club KC 9 - Ballard 5
TOP OF THE 8TH
Athletic Club KC U-21 batting - Pitching for Ballard Beavers : LHP Norberto Cabrera
Batting: LHB Brian Keys 0-0: Ball
1-0: Foul Ball, location: 2F
1-1: Called Strike
1-2: Ball
2-2: Ball
3-2: Strikes out swinging
Batting: RHB Yun-qi Zhào 0-0: Called Strike
0-1: Ball
1-1: Ball
2-1: Foul Ball, location: 2F
2-2: Strikes out swinging
Batting: RHB Jake Young 0-0: Called Strike
0-1: Swinging Strike
0-2: Ball
1-2: Strikes out swinging, 2-3 out at first.
Top of the 8th over - 0 runs, 0 hits, 0 errors, 0 left on base; Athletic Club KC 9 - Ballard 5
BOTTOM OF THE 8TH
Ballard Beavers batting - Pitching for Athletic Club KC U-21 : RHP Yun-ho Kogai
Batting: LHB Bill Bass 0-0: Foul Ball, location: 2F
0-1: Foul Ball, location: 2F
0-2: Fly out, F7 (Flyball, 7, EV 84.4 MPH)
Batting: LHB Shane Holman 0-0: Ball
1-0: SINGLE (Groundball, 34D, EV 109.4 MPH)
Pitching: RHP Jian-cheng Gang
Batting: RHB Barry Miller 0-0: Ball
1-0: Ball
2-0: Called Strike
2-1: Called Strike
2-2: Foul Ball, location: 2F
2-2: Ball
3-2: Foul Ball, location: 2F
3-2: Base on Balls
Shane Holman to second
Pitching: RHP Stephen Hicks
Batting: RHB Jim McDermott 0-0: Ball
1-0: Ball
2-0: Called Strike
2-1: Ball
3-1: Fly out, F8 (Flyball, 8RD, EV 97.5 MPH)
Runner from 2nd tags up, SAFE at 3rd with throw by CF
Batting: LHB Tonito Gomez 0-0: Called Strike
0-1: Called Strike
0-2: Strikes out looking
Bottom of the 8th over - 0 runs, 1 hit, 0 errors, 2 left on base; Athletic Club KC 9 - Ballard 5
TOP OF THE 9TH
Athletic Club KC U-21 batting - Pitching for Ballard Beavers : LHP Norberto Cabrera
Batting: LHB Andrés Moreno 0-0: Fly out, F7 (Flyball, 78S, EV 89.4 MPH)
Batting: RHB Maxime Anderson 0-0: Ball
1-0: Ball
2-0: DOUBLE (Groundball, 5L, EV 103.8 MPH)
Batting: RHB Moises Fernán 0-0: Called Strike
0-1: DOUBLE (Flyball, 89XD, EV 100.6 MPH)
Maxime Anderson scores
Batting: RHB Jurrie Nuijs 0-0: Ball
1-0: SINGLE (Groundball, 6MD, EV 104.4 MPH)
Moises Fernán to third
Runner from 3rd tries for Home, SAFE, no throw by CF
Batting: LHB Justin Cooper 0-0: Ball
1-0: Ball
2-0: Ball
3-0: Called Strike
3-1: Foul Ball, location: 2F
3-2: Fly out, F8 (Line Drive, 8LD, EV 88.8 MPH)
Batting: LHB Bart Edwards 0-0: Fly out, F8 (Flyball, 8LD, EV 104.4 MPH)
Top of the 9th over - 2 runs, 3 hits, 0 errors, 1 left on base; Athletic Club KC 11 - Ballard 5
BOTTOM OF THE 9TH
Ballard Beavers batting - Pitching for Athletic Club KC U-21 : RHP Stephen Hicks
Batting: RHB Kevin Neal 0-0: Ball
1-0: Ball
2-0: Ball
3-0: Called Strike
3-1: Foul Ball, location: 2F
3-2: Base on Balls
Batting: RHB José López 0-0: Ball
1-0: Ground out 3-1 (Groundball, 3S, EV 70.6 MPH)
Kevin Neal to second
Batting: RHB Eli Johnson 0-0: Called Strike
0-1: Ball
1-1: Foul Ball, location: 2F
1-2: Strikes out swinging
Batting: RHB José Romero 0-0: DOUBLE (Groundball, 3L, EV 101.2 MPH)
Kevin Neal scores
Batting: LHB Bill Bass 0-0: Ball
1-0: Foul Ball, location: 2F
1-1: Ground out 1-3 (Groundball, 13, EV 81.9 MPH)
Bottom of the 9th over - 1 run, 1 hit, 0 errors, 1 left on base; Athletic Club KC 11 - Ballard 6
Friday, March 26th, 2021 - OOTP Baseball 20.8 Build 74